 Dungeon Crawl Stone Soup version 0.21.1-1-g345015f (webtiles) character file.

712 nicolaieve the Cleaver (level 7, -2/61 HPs)
             Began as a Minotaur Berserker on July 10, 2018.
             Was an Elder of Trog.
             Killed from afar by TotesWizzard's ghost (26 damage)
             ... with an orb of energy
             ... on level 5 of the Dungeon.
             The game lasted 00:13:17 (3675 turns).

nicolaieve the Cleaver (Minotaur Berserker)         Turns: 3675, Time: 00:13:18

Health: -2/61      AC: 10    Str: 24    XL:     7   Next: 41%
Magic:  6/6        EV:  9    Int:  4    God:    Trog [****..]
Gold:   254        SH:  0    Dex:  9    Spells: 6/6 levels left

rFire    . . .     SeeInvis .   a - +0 hand axe
rCold    . . .     Gourm    +   (no shield)
rNeg     . . .     Faith    .   t - +0 chain mail
rPois    .         Spirit   .   (helmet restricted)
rElec    .         Reflect  .   d - +0 cloak
rCorr    .         Harm     .   (no gloves)
MR       .....                  (no boots)
Stlth    ..........             i - amulet of the gourmand
HPRegen  0.20/turn              (no ring)
MPRegen  0.10/turn              (no ring)

@: lethally poisoned (-2 -> -26), berserk cooldown, slowed, very slow
A: retaliatory headbutt, horns 2
a: Berserk, Trog's Hand, Brothers in Arms, Burn Spellbooks, Renounce Religion


You were on level 5 of the Dungeon.
You worshipped Trog.
Trog was greatly pleased with you.
You were very full.

You visited 1 branch of the dungeon, and saw 5 of its levels.
You also visited: Sewer.

You collected 254 gold pieces.

Inventory:

Hand Weapons
 a - a +0 hand axe (weapon)
 A - a +0 war axe
Armour
 d - a +0 cloak (worn)
 f - a +0 ring mail
 t - a +0 chain mail (worn)
Jewellery
 i - an amulet of the gourmand (around neck)
Wands
 u - a wand of random effects (16)
 v - a wand of flame (26)
Scrolls
 b - a scroll of teleportation {unknown}
 e - a scroll of magic mapping {unknown}
 l - 2 scrolls of enchant weapon {unknown}
 m - 3 scrolls of remove curse {unknown}
 o - 4 scrolls of identify {unknown}
 p - 2 scrolls of fear {unknown}
 r - 2 scrolls of enchant armour {unknown}
 y - 2 scrolls of blinking {unknown}
Potions
 g - 2 potions of might {unknown}
 h - 3 potions of curing {unknown}
 j - a potion of ambrosia {unknown}
 k - a potion of degeneration {unknown}
 n - a potion of heal wounds {unknown}
 q - 2 potions of haste {unknown}
 s - a potion of cancellation {unknown}
 w - a potion of invisibility {unknown}
 x - 3 potions of flight {unknown}
Comestibles
 c - 6 rations


   Skills:
 + Level 5.1 Fighting
 * Level 8.7 Axes
 + Level 4.5 Armour
 + Level 3.1 Dodging


You had 6 spell levels left.
You didn't know any spells.

Dungeon Overview and Level Annotations

Branches:
Dungeon (5/15)
 Temple: D:4-7

Altars:
Ashenzari
Cheibriados
Dithmenos
Gozag
Makhleb
Okawaru
Qazlal
Sif Muna
Trog
Zin
The Shining One

Annotations:
D:5 TotesWizzard's ghost, amateur DrCj


Innate Abilities, Weirdness & Mutations

You reflexively headbutt those who attack you in melee.
You have a pair of horns on your head.


Message History

You feel yourself slow down.
You feel sick.
TotesWizzard's ghost hits you but does no damage.
You closely miss TotesWizzard's ghost.
Your headbutt misses TotesWizzard's ghost.
TotesWizzard's ghost is almost destroyed.
You feel sick.
TotesWizzard's ghost hits you but does no damage.
You are more poisoned.
You completely miss TotesWizzard's ghost.
Your headbutt misses TotesWizzard's ghost.
TotesWizzard's ghost is almost destroyed.
You feel very sick.
TotesWizzard's ghost hits you but does no damage.
You are lethally poisoned!
You slash TotesWizzard's ghost!
TotesWizzard's ghost is almost destroyed.
You feel very sick.
TotesWizzard's ghost casts a spell at you.
The orb of energy hits you!
You die...

### # #.. .#
############## #.###.#
#.....W@.....# #.#....
.............#####.#.#.#
#.#.#.#.#.#.............
......................[
.#.#.#.#.#.#######......
...........# #...... .
###.....## #......
#.....# #...... ....
###......


You could see TotesWizzard's ghost.

Vanquished Creatures
  The ghost of poxu the Shooter, an amateur CeAM (D:3)
  An ogre (D:4)
  A crimson imp (D:5)
  2 hounds (D:4)
  2 bullfrog skeletons
  3 orc wizards (D:4)
  2 worker ants
  Robin (D:2)
  8 adders
  2 oozes
  A worm (D:2)
  3 dart slugs
  3 leopard geckos
  3 orcs
  12 bats
  7 giant cockroaches
  16 goblins
  12 hobgoblins
  8 jackals
  3 quokkas
  6 frilled lizards
  3 kobolds
  A leopard gecko skeleton (D:4)
  A leopard gecko zombie (D:5)
  A quokka skeleton (D:4)
  11 rats
114 creatures vanquished.

Notes
Turn   | Place    | Note
-------+----------+-------------------------------------------
     0 | D:1      | nicolaieve the Minotaur Berserker began the quest for the Orb.
     0 | D:1      | Reached XP level 1. HP: 19/19 MP: 0/0
   271 | D:1      | Reached skill level 4 in Axes
   292 | D:1      | Reached XP level 2. HP: 26/27 MP: 1/1
   739 | D:1      | Reached ** piety under Trog
   948 | D:2      | Reached XP level 3. HP: 30/33 MP: 2/2
   986 | D:2      | Noticed Robin
  1000 | D:2      | Killed Robin
  1000 | D:2      | Reached skill level 5 in Axes
  1040 | D:2      | Found an opulent altar of Gozag.
  1179 | D:2      | Reached XP level 4. HP: 30/40 MP: 3/3
  1301 | D:2      | Found a snail-covered altar of Cheibriados.
  1354 | D:2      | Found a shattered altar of Ashenzari.
  1354 | D:2      | Found a stormy altar of Qazlal.
  1357 | D:2      | Found a glowing silver altar of Zin.
  1358 | D:2      | Found a glowing golden altar of the Shining One.
  1358 | D:2      | Found a shadowy altar of Dithmenos.
  1553 | D:2      | Found a bloodstained altar of Trog.
  1681 | D:3      | Noticed poxu's ghost (amateur CeAM)
  1700 | D:3      | Killed poxu's ghost
  1700 | D:3      | Reached skill level 6 in Axes
  1700 | D:3      | Reached XP level 5. HP: 47/47 MP: 4/4
  1806 | D:3      | Reached *** piety under Trog
  1825 | D:3      | Reached XP level 6. HP: 51/53 MP: 5/5
  2069 | D:3      | Found a deep blue altar of Sif Muna.
  2235 | D:3      | Reached skill level 7 in Axes
  2470 | D:4      | Found an iron altar of Okawaru.
  2892 | D:4      | Found a glowing drain.
  2924 | Sewer    | Entered a sewer
  2985 | Sewer    | Reached **** piety under Trog
  3377 | D:4      | Found a burning altar of Makhleb.
  3383 | D:4      | Reached skill level 8 in Axes
  3410 | D:4      | Reached XP level 7. HP: 60/60 MP: 6/6
  3426 | D:4      | Reached skill level 5 in Fighting
  3625 | D:5      | Entered Level 5 of the Dungeon
  3654 | D:5      | Noticed TotesWizzard's ghost (amateur DrCj)
  3675 | D:5      | Killed from afar by TotesWizzard's ghost

Skill      XL: |  1  2  3  4  5  6  7 |
---------------+----------------------+-----
Axes           | 4 5 6 8 |  8.7
Fighting       | 4 5 |  5.1
Armour         | 3 4 |  4.5
Dodging        | 3 |  3.1

Action                   |  1- 3 |  4- 6 |  7- 9 || total
-------------------------+-------+-------+-------++-------
Melee: Hand axe          |    77 |   159 |    44 ||   280
       Headbutt          |    10 |    22 |     7 ||    39
Invok: Burn Spellbooks   |     1 |     2 |       ||     3
       Berserk           |       |     1 |     1 ||     2
  Eat: Chunk             |    18 |    12 |     1 ||    31
Armor: Ring mail         |    18 |    28 |       ||    46
       Chain mail        |       |    49 |    16 ||    65
Dodge: Dodged            |    40 |    81 |    17 ||   138
